 Dungeon Crawl Stone Soup version 0.31-a0-574-g69dc8cc98e (webtiles) character file.

Game seed: 338232934006056157

17 Xavori the Cutter (level 2, 19/19 (21) HPs)
             Began as an Octopode Chaos Knight on Aug 18, 2023.
             Was a Plaything of Xom.
             Quit the game on level 1 of the Dungeon.
             The game lasted 00:01:00 (10386 turns).

Xavori the Cutter (Octopode Chaos Knight)          Turns: 10386, Time: 00:01:01

HP:   19/19 (21)    AC:  1    Str: 11      XL:     2   Next: 62%
MP:   2/2           EV: 13    Int: 14      God:    Xom [..*...]
Gold: 95            SH:  0    Dex: 10 (11) Spells: 1/1 levels left

rFire   . . .        a - +0 short sword (chaos)
rCold   . . .        (no shield)
rNeg    . . .        (helmet restricted)
rPois   .            (no amulet)
rElec   .            g - ring of flight
rCorr   .            (no ring)
SInv    .            (no ring)
Will    .....        (no ring)
Stlth   ++           (no ring)
HPRegen 0.23/turn    (no ring)
MPRegen 0.08/turn    (no ring)
                     (no ring)

%: no passive effects
@: flying, drained
A: almost no armour, amphibious, 8 rings, camouflage 1, gelatinous body 1,
(nimble swimmer 1), tentacles
a: Renounce Religion


You were on level 1 of the Dungeon.
You worshipped Xom.
You were a toy of Xom.
You visited 1 branch of the dungeon, and saw 2 of its levels.

You collected 95 gold pieces.

Inventory:

Hand Weapons
 a - a +0 short sword of chaos (weapon)
 i - the +8 whip "Munalum" {drain, Str+2}
   (You took it off a goblin on level 2 of the Dungeon)

   Str+2:     It affects your strength (+2).
Jewellery
 g - a ring of flight (left tentacle)
 h - an amulet of magic regeneration
Scrolls
 b - a scroll of butterflies
 c - a scroll of poison {unknown}
 d - a scroll of immolation {unknown}
 e - a scroll of vulnerability {unknown}
 f - a scroll of fog {unknown}


   Skills:
 + Level 3.3 Fighting
 + Level 3.4 Short Blades
 + Level 2.5 Dodging
 + Level 0.3 Stealth


You had one spell level left.
You didn't know any spells.
Your spell library was empty.

Dungeon Overview and Level Annotations

Branches:
Dungeon (2/15)

Altars:


Innate Abilities, Weirdness & Mutations

You cannot wear most types of armour.
You are amphibious.
You can wear up to eight rings at the same time.
Your skin changes colour to match your surroundings (Stealth+).
Your rubbery body absorbs attacks. (AC +1, EV +1)
((You are camouflaged when in or above water. (Stealth+)))
You have tentacles for arms and can constrict up to eight enemies at once.


Message History

You start waiting. "Go forth and redecorate, my child!"
You start waiting.
Done waiting.
You start waiting.
Your trail of clouds dissipates.
You start waiting. "See what I see, my child!"
You feel momentarily disoriented.
You start waiting.
Done waiting.
You start waiting.
Done waiting.
You start waiting.
Done waiting.
You start waiting.
Done waiting.
You start waiting.
Done waiting.
You start waiting.
Done waiting.
You start waiting.
Done waiting.
You start waiting.
Done waiting.
You start waiting.
Done waiting.
You start waiting.
Done waiting.
You start waiting.
Done waiting.
You start waiting.
Done waiting.
You start waiting.
Done waiting.
You start waiting.
Done waiting.
You start waiting. "This place needs a little more atmosphere."
Are you sure you want to abandon this character and quit the game? (Confirm with "yes".)

###### #..... #.....
#######.....
#######....##.....
#.....'....'......
#######....##....##.....
#......@###########.....
#.#####..## ######
#####.....#...#
#......####.#.# ######
#...........#.### #....#
######.......#####...####....#
.............##.........#....#
######....#..##.#####...#....#
# ####.........# ##..#....#


There were no monsters in sight!

Vanquished Creatures
  A dart slug (D:1)
  2 bats (D:1)
  An endoplasm (D:1)
  2 goblins
  2 hobgoblins (D:1)
  3 jackals (D:1)
  A quokka (D:1)
12 creatures vanquished.

Notes
Turn   | Place    | Note
-------+----------+-------------------------------------------
     0 | D:1      | Xavori the Octopode Chaos Knight began the quest for the
                  | Orb.
     0 | D:1      | Reached XP level 1. HP: 16/16 MP: 1/1
   140 | D:1      | Reached XP level 2. HP: 18/21 MP: 2/2
   164 | D:1      | XOM: silly message
   955 | D:1      | XOM: silly message
  1304 | D:1      | XOM: divination: magic mapping
  2411 | D:1      | XOM: divination: detect items
  2907 | D:1      | XOM is BORED!
  2907 | D:1      | XOM: silly message
  2955 | D:1      | XOM: silly message
  3190 | D:1      | XOM: divination: magic mapping
  3825 | D:1      | XOM is BORED!
  3825 | D:1      | XOM: noise
  5092 | D:1      | XOM: summons 2 hostile demons
  5093 | D:1      | Noticed a crimson imp
  5107 | D:2      | XOM: draining
  5295 | D:1      | XOM is BORED!
  5295 | D:1      | XOM: summons 4 hostile shadow creatures
  5930 | D:1      | XOM: stat loss: -1 Dex (10/11)
  6099 | D:1      | XOM: summons 4 hostile shadow creatures
  6467 | D:2      | XOM: scenery: 1 doors open
  6518 | D:2      | XOM: scenery: 1 doors close
  6565 | D:2      | Identified the +8 whip "Munalum" {drain, Str+2}
  7686 | D:1      | XOM: silly message
  7796 | D:1      | XOM: silly message
  8213 | D:1      | XOM: noise
  8342 | D:1      | XOM: silly message
  8817 | D:1      | XOM: cloud trail
  8958 | D:1      | XOM: divination: magic mapping
 10385 | D:1      | XOM: cloud trail
 10386 | D:1      | Quit the game

Illustrated notes

Levels and vault maps discovered:
D:1:      lightli_arrival_windingriver, layout_basic, minmay_crystal_water,
          kennysheep_decorative_pillar
D:2:      layout_basic, mrwooster_statue_mirror

Action                     || total
---------------------------++-------
  Melee: Short sword       ||    25
         Tentacles         ||     5
         Punch             ||     1
         Constrict         ||     3
   Stab: Sleeping          ||     4
  Dodge: Dodged            ||    18

Table legend: (Time is in decaauts)
 A = Elapsed time spent in this place.
 B = Non-inter-level travel time spent in this place.
 C = Inter-level travel time spent in this place.
 D = Time resting spent in this place.
 E = Time spent auto-exploring this place.
 F = Levels seen in this place.
 G = Mean time per level.
                   A        B        C        D        E       F      G
               +--------+--------+--------+--------+--------+-----+--------+
         Total |  10385 |  10369 |     16 |   9742 |    499 |   2 | 5192.5 |
       Dungeon |  10385 |  10369 |     16 |   9742 |    499 |   2 | 5192.5 |
               +--------+--------+--------+--------+--------+-----+--------+

Top non-repeatable levels by time:
     D:1: 9404 daAuts
     D:2: 981 daAuts
